Map: [ESL] Data-C

Players

PtitDrogo - Winner!

  • Race: Protoss Protoss
  • Spawn Location: 3:00

YoungYakov

  • Race: Zerg Zerg
  • Spawn Location: 9:00

Event: DreamHack SC2 Masters 2022 Atlanta (Online)

VOD

Have the link to the VOD?

Description

Time

  • Played on: Sept. 29, 2022, 11:33 a.m.
  • Length: 9:06

All games in this series

Show
View Real Time Build Order
Export as new Build Order

PtitDrogo Protoss - Winner!

Build Orders: 1 Gate Expand, Oracle Opening, Zealot Archon 

Get SALT Encoding   

  12  0:00  Probe  
  13  0:12  Probe  
  14  0:19  Pylon  
  14  0:24  Probe  
  15  0:37  Probe (Chrono Boost)  
  15  0:40  Gateway  
  16  0:47  Probe (Chrono Boost)  
  17  0:50  Assimilator  
  17  0:52  Probe (Chrono Boost)  
  18  1:04  Probe  
  19  1:16  Probe  
  20  1:28  Nexus  
  20  1:38  Cybernetics Core  
  20  1:41  Probe  
  21  1:47  Assimilator  
  21  1:53  Probe  
  22  1:57  Pylon  
  22  2:05  Probe  
  23  2:12  Adept (Chrono Boost)  
  25  2:17  Probe  
  25  2:20  Stargate  
  26  2:27  Warp Gate  
  27  2:30  Probe (Chrono Boost)  
  27  2:35  Adept  
  29  2:40  Probe (Chrono Boost)  
  31  2:47  Probe (Chrono Boost)  
  31  2:49  Probe (Chrono Boost)  
  32  2:54  Probe x2 (Chrono Boost)  
  34  3:01  Oracle (Chrono Boost)  
  37  3:06  Probe x2  
  37  3:07  Pylon  
  39  3:15  Gateway  
  39  3:18  Probe x2  
  41  3:28  Oracle (Chrono Boost)  
  41  3:30  Probe  
  41  3:31  Probe  
  46  3:42  Probe  
  46  3:43  Probe  
  48  3:49  Nexus  
  48  3:52  Pylon  
  48  3:56  Probe x2  
  48  4:01  Oracle  
  54  4:10  Probe (Chrono Boost), Pylon  
  54  4:11  Assimilator  
  54  4:12  Probe (Chrono Boost)  
  54  4:13  Assimilator  
  55  4:17  Adept  
  55  4:21  Probe (Chrono Boost)  
  55  4:22  Probe (Chrono Boost)  
  59  4:29  Probe (Chrono Boost)  
  60  4:33  Probe (Chrono Boost)  
  60  4:38  Probe  
  62  4:39  Adept x2  
  62  4:44  Oracle (Chrono Boost), Probe  
  67  4:51  Shield Battery, Probe  
  69  4:52  Pylon  
  69  4:56  Probe  
  62  5:00  Stalker x2  
  62  5:01  Shield Battery  
  62  5:03  Probe  
  67  5:10  Gateway  
  67  5:13  Probe  
  69  5:15  Probe  
  70  5:25  Probe  
  70  5:26  Twilight Council  
  70  5:27  Forge  
  70  5:32  Pylon  
  70  5:42  Gateway x2  
  70  5:45  Gateway  
  70  5:49  Gateway  
  70  5:50  Oracle  
  70  5:51  Adept  
  70  5:52  Adept, Pylon  
  70  5:53  Charge  
  77  5:57  Protoss Ground Weapons Level 1 (Chrono Boost)  
  77  6:02  Gateway  
  77  6:07  Templar Archives  
  77  6:09  Probe  
  78  6:15  Zealot x2  
  82  6:21  Zealot  
  82  6:24  Pylon  
  82  6:25  Pylon  
  84  6:26  Pylon  
  84  6:46  High Templar x2  
  88  6:47  Zealot  
  88  6:52  Nexus  
  90  6:54  Probe, Pylon  
  90  6:56  Robotics Facility  
  90  6:58  Archon  
  90  7:00  Zealot x3  
  97  7:02  Zealot  
  99  7:21  Probe  
  101  7:22  Probe  
  101  7:24  Shield Battery  
  101  7:26  Pylon x2  
  101  7:28  High Templar x2  
  101  7:29  Zealot x2  
  109  7:33  Archon, Probe  
  110  7:37  Pylon  
  110  7:41  Warp Prism (Chrono Boost)  
  110  7:44  Probe  
  110  7:45  Probe  
  110  7:49  Assimilator  
  110  7:50  Photon Cannon  
  114  7:51  Assimilator  
  114  7:53  Pylon  
  114  7:59  High Templar x2  
  114  8:03  Archon  
  118  8:07  Zealot x3  
  124  8:13  Zealot  
  124  8:14  Probe x3  
  129  8:21  Zealot x2  
  129  8:26  Probe x2  
  135  8:33  Zealot x5  
  143  8:41  Zealot x3  
  143  8:44  Pylon  
  126  8:58  Zealot x5  
Show
View Real Time Build Order
Export as new Build Order

YoungYakov Zerg 

Build Orders: Hatch First 

Get SALT Encoding   

  12  0:00  Drone  
  13  0:12  Overlord  
  13  0:17  Drone  
  14  0:30  Drone x2  
  16  0:49  Hatchery  
  15  0:52  Drone  
  15  0:56  Drone  
  17  0:59  Drone  
  18  1:11  Extractor  
  17  1:15  Spawning Pool  
  17  1:18  Drone  
  17  1:22  Drone  
  18  1:27  Drone  
  19  1:39  Drone  
  20  1:51  Drone  
  21  2:00  Overlord  
  21  2:01  Queen  
  21  2:02  Queen, Drone  
  26  2:10  Zergling x2  
  26  2:12  Drone  
  26  2:15  Evolution Chamber  
  27  2:22  Zergling x2  
  28  2:23  Drone  
  29  2:33  Drone  
  29  2:34  Drone  
  31  2:42  Zerg Melee Weapons Level 1  
  31  2:45  Hatchery  
  31  2:49  Drone  
  31  2:51  Drone  
  31  2:58  Queen  
  34  3:03  Metabolic Boost  
  34  3:07  Overlord  
  34  3:16  Drone x2  
  36  3:25  Queen  
  36  3:26  Drone  
  36  3:27  Drone x2  
  41  3:30  Spore Crawler  
  41  3:32  Drone  
  41  3:33  Drone  
  42  3:42  Drone x2, Overlord  
  42  3:47  Spore Crawler  
  43  3:52  Zergling x2  
  44  3:57  Overlord  
  44  4:02  Zergling x2  
  45  4:03  Zergling x8  
  45  4:07  Zergling x2  
  45  4:08  Zergling x4  
  52  4:10  Zergling x4  
  54  4:20  Zergling x10  
  57  4:36  Zergling x8  
  59  4:44  Zergling x16, Baneling Nest  
  60  4:51  Zergling x2  
  60  4:52  Zergling x6  
  59  4:56  Zergling x4  
  56  5:01  Queen  
  57  5:08  Zergling x6  
  57  5:13  Queen  
  60  5:18  Drone x3  
  60  5:25  Drone  
  60  5:28  Drone x2  
  58  5:29  Queen  
  58  5:34  Drone x3  
  63  5:37  Spore Crawler  
  63  5:41  Drone x3  
  65  5:49  Overlord  
  65  5:52  Spore Crawler  
  65  5:55  Lair  
  65  5:56  Drone x2  
  66  5:59  Overlord  
  66  6:01  Overlord  
  66  6:06  Queen  
  66  6:10  Roach Warren  
  67  6:13  Zerg Missile Weapons Level 1  
  67  6:15  Drone x4  
  71  6:19  Extractor  
  71  6:20  Extractor  
  71  6:21  Drone x3  
  71  6:23  Drone x2  
  71  6:24  Drone  
  74  6:26  Drone x2  
  74  6:28  Extractor  
  75  6:34  Drone x3  
  75  6:38  Drone x2  
  80  6:41  Overlord  
  80  6:43  Drone x2  
  80  6:45  Queen  
  84  6:50  Roach x3  
  84  6:52  Glial Reconstitution  
  89  6:56  Overlord  
  89  6:57  Overseer  
  89  7:01  Overlord  
  89  7:12  Roach x4  
  89  7:13  Queen  
  89  7:15  Queen  
  94  7:23  Roach x6  
  94  7:25  Drone  
  107  7:38  Hatchery  
  107  7:44  Drone x3  
  106  7:45  Overlord  
  106  7:46  Overlord x2  
  106  7:50  Hydralisk Den  
  105  7:54  Drone  
  105  7:56  Extractor  
  105  7:57  Drone x3  
  108  8:06  Drone  
  108  8:07  Drone x6  
  115  8:12  Queen  
  115  8:13  Queen  
  115  8:17  Overlord x2  
  119  8:25  Ravager  
  119  8:26  Baneling x6  
  119  8:28  Zergling x10  
  119  8:34  Zergling x10, Ravager  
  130  8:41  Ravager  
  130  8:42  Zergling x6  
  130  8:46  Roach x5  
Tags
 
Add a new tag
Caveats
  • Supply blocks, unpowered buildings, or Contaminate may cause inaccurate times.
  • Supply counts are checked every 10 seconds.